AoeStats
← CTM | Interestellar space

Arena

508540741Analyzed
4v4 RM · 9d ago on Sep 22, 2026· 42m 58s· 8 players
Game mode
Random Map
Map size
Large (8 player)
Population
200
Speed
Normal
Resources
Standard
Victory
Conquest
Starting age
Dark Age
Ending age
Imperial Age
RankedLock teamsTeams togetherTeam positionsShared explorationLock speedFull tech treeHidden civsTurbo modeCheats
Victory
Defeat
🇲🇽 Persians · Mexico
1438
+7
1313
+11
🇵🇦 Franks · Panama
1093
+20
🇨🇱 Bohemians · Chile
1022
+22
🇨🇱 Varangians · Chile
1207
-16
🇭🇰 Persians · Hong Kong SAR China
1204
-15
1201
-15
🇦🇷 Burgundians · Argentina
1169
-14
SebastianxAndrew
11:45 Feudal Age
13:35 Double-Bit Axe
18:00 Castle Age
15:46 Loom
25:54 Fletching
Level
3:33 Double-Bit Axe
5:57 Horse Collar
10:41 Feudal Age
11:54 Loom
14:29 Castle Age
13:42 Bow Saw
14:23 Heavy Plow
19:00 Wheelbarrow
22:43 Two-Man Saw
21:35 Gold Mining
23:02 Gold Shaft Mining
23:07 Forging
23:02 Cavalier
24:36 Crop Rotation
24:53 Husbandry
25:45 Iron Casting
25:18 Scale Barding Armor
25:09 Stone Mining
27:21 Fervor
30:12 Imperial Age
27:58 Hand Cart
27:30 Town Watch
28:10 Fortified Wall
28:45 Stone Shaft Mining
29:47 Masonry
30:28 Paladin
32:13 Blast Furnace
31:35 Chain Barding Armor
32:27 Chemistry
37:45 Fletching
39:06 Bodkin Arrow
javier1205hk
10:21 Feudal Age
16:25 Castle Age
15:31 Double-Bit Axe
15:30 Horse Collar
17:41 Bow Saw
21:14 Gold Mining
22:33 Forging
24:19 Bloodlines
25:12 Scale Barding Armor
26:43 Iron Casting
27:56 Chain Barding Armor
32:08 Heavy Plow
33:23 Wheelbarrow
33:35 Husbandry
35:46 Gold Shaft Mining
37:05 Fletching
37:55 Hand Cart
38:16 Loom
42:32 Imperial Age
43:21 Citadels
42:39 Cavalier
GAMARÚS de CAGABANDÚRRIES
10:52 Feudal Age
14:58 Castle Age
13:43 Gold Mining
13:41 Double-Bit Axe
13:41 Horse Collar
14:31 Scale Mail Armor
15:09 Loom
PVS-Ozuna
8:13 Loom
10:44 Feudal Age
15:58 Castle Age
14:33 Double-Bit Axe
15:53 Forging
16:48 Scale Barding Armor
21:10 Chain Barding Armor
23:01 Husbandry
25:52 Gold Mining
28:34 Iron Casting
28:53 Wheelbarrow
28:04 Town Watch
33:23 Hand Cart
[PVS] Manu_X
11:31 Feudal Age
13:57 Loom
17:03 Castle Age
16:55 Double-Bit Axe
17:05 Horse Collar
19:28 Fervor
24:21 Pikeman
25:44 Redemption
28:44 Squires
29:12 Scale Mail Armor
34:03 Imperial Age
34:28 Chain Mail Armor
36:46 Chemistry
35:58 Masonry
35:23 Halberdier
37:17 Wheelbarrow
36:55 Forging
38:22 Plate Mail Armor
39:05 Iron Casting
39:40 Town Watch
41:12 Bow Saw
CTM | Interestellar space
10:05 Feudal Age
15:04 Castle Age
13:50 Loom
38:51 Double-Bit Axe
39:19 Town Watch
42:02 Wheelbarrow
42:59 Bow Saw
Nitto
10:03 Feudal Age
14:53 Castle Age
13:26 Double-Bit Axe
14:11 Bloodlines
14:00 Horse Collar
14:37 Gold Mining
17:20 Husbandry
19:23 Scale Barding Armor
22:13 Chain Barding Armor
22:03 Forging
22:56 Forging
22:59 Bow Saw
26:23 Iron Casting
27:56 Heavy Plow
34:14 Imperial Age
35:57 Plate Barding Armor
38:26 Blast Furnace
38:40 Wheelbarrow
37:34 Cavalier
39:56 Stone Mining
41:38 Conscription
41:58 Stone Shaft Mining
41:59 Elite War Elephant
Connection lost

Rejoining the realm…

Still unreachable

The connection could not be restored.

Session expired

The server has moved on; the page needs a fresh start.